[Event "Early-Titled-Tuesday-Blitz-February-13-2024"]
[Site "Chess.com"]
[Date "2024.02.13"]
[Round "3"]
[White "rhungaski"]
[Black "Aslanov_Umid"]
[Result "0-1"]
[WhiteElo "2484"]
[BlackElo "2672"]
[TimeControl "180+1"]
[EndTime "8:32:54 PST"]
[Termination "Aslanov_Umid won by resignation"]

1. e4 c5 2. Nf3 d6 3. d4 cxd4 4. Nxd4 Nf6 5. Nc3 a6 6. Be2 e5 7.
Nb3 Be7 8. O-O O-O 9. Re1 Re8 10. Bf3 h6 11. h3 Be6 12. a4 Nbd7 13. Nd2 b6 14.
Nf1 Qc7 15. Ne3 Rac8 16. Ncd5 Bxd5 17. exd5 g6 18. Be2 Qb7 19. a5 b5 20. c4 b4 21.
b3 Nc5 22. Bb2 Bf8 23. Bd3 Bg7 24. Bc2 Rb8 25. h4 h5 26. g4 Qe7 27. g5 Nfd7 28.
Qd2 f5 29. gxf6 Qxf6 30. Ng2 Rf8 31. f4 Qf7 32. f5 gxf5 33. Qg5 Qf6 34. Qxh5 Qh6 35.
Qxh6 Bxh6 36. Ne3 Bxe3+ 37. Rxe3 f4 38. Re2 Rf7 39. Kf2 Rg7 40. Rg1 Rxg1 41. Kxg1 Kf7 42. Rg2 Rg8 43. Rxg8 Kxg8 44. Kf2 Kg7 45. Kf3 Nf6 46.
Bc1 Nb7 47. Bd2 Nxa5 48. Bxb4 Nb7 49. Bf5 Nc5 50. Ba3 Ne8 51. b4 Nb3 52. c5 Nd4+ 53.
Kg4 Nf6+ 54. Kg5 Nxf5 55. Kxf5 f3 56. Bc1 f2 0-1

[Event "Early-Titled-Tuesday-Blitz-February-13-2024"]
[Site "Chess.com"]
[Date "2024.02.13"]
[Round "3"]
[White "CFN_Good_Evening"]
[Black "Evgeny81"]
[Result "0-1"]
[WhiteElo "2053"]
[BlackElo "2709"]
[TimeControl "180+1"]
[EndTime "8:32:57 PST"]
[Termination "Evgeny81 won on time"]

1. e4 c5 2. Nf3 Nc6 3. Bb5 e5 4. O-O Bd6 5. c3 a6 6. Bxc6 dxc6 7. d4 exd4 8. cxd4 Bg4 9. dxc5 Bxc5 10. Qb3 Qb6 11. Qxb6 Bxb6 12. Ne5 Be6 13. Nd2 f6 14. Nec4 Bd4 15. Nd6+ Ke7 16. Nxb7 a5 17. Nb3 Bxb3 18. axb3 Nh6 19. Nxa5 Ra6 20. b4 Ng4 21. Bd2 Rd8 22.
Bc3 Kf7 23. h3 Bxc3 24. bxc3 Ne5 25. Rfd1 Raa8 26. f4 Ng6 27. Nxc6 Rxd1+ 28. Rxd1 Nxf4 29. Kf2 Ra2+ 30. Ke3 Nxg2+ 31. Kd4 Nf4 32. b5 Rb2 33. c4 Ne2+ 34. Kc5 Nc3 35. Rd7+ Kg6 36. Kd4 Nxb5+ 37. cxb5 Rd2+ 38. Kc5 Rxd7 39. b6 Kg5 40. Nd4 Kh4 41.
Nf5+ Kxh3 42. Kc6 Rd1 43. b7 Rc1+ 44. Kd7 Rb1 45. Kc7 g6 46. Ne3 g5 47. b8=Q Rxb8 48. Kxb8 g4 49. Kc7 Kg3 50. Kd6 Kf3 0-1

[Event "Early-Titled-Tuesday-Blitz-February-13-2024"]
[Site "Chess.com"]
[Date "2024.02.13"]
[Round "3"]
[White "Ati1517"]
[Black "SHIVACalypso"]
[Result "0-1"]
[WhiteElo "2252"]
[BlackElo "2518"]
[TimeControl "180+1"]
[EndTime "8:32:57 PST"]
[Termination "SHIVACalypso won on time"]

1. e4 e6 2. d4 d5 3. Nd2 f5 4. e5 c5 5. c3 Nc6 6. Ngf3 Qb6 7. Nb3 cxd4 8. cxd4 Nh6 9. Bd3 Bd7 10.
O-O Be7 11. Bg5 Qd8 12. Bxe7 Qxe7 13. Nc5 b6 14. Nxd7 Qxd7 15. Rc1 a6 16. Qa4 Nxe5 17.
Qxd7+ Nxd7 18. Rfe1 Ke7 19. Rc6 Nf8 20. Rxb6 a5 21. Ng5 Kf6 22. f4 Re8 23. Bb5 Re7 24. Bc6 Nf7 25. h4 Nxg5 26. hxg5+ Kf7 27. a4 Ng6 28. g3 Rc8 29. b4 axb4 30. a5 Ra7 31. a6 Nf8 32. Bb7 Rc4 33. Rd6 Rxd4 34. Rd8 b3 35. Rc1 Rc4 36. Rb1 Rb4 37. Rc1 Raxb7 38.
axb7 Rxb7 39. Rb1 Nd7 40. Ra8 Nc5 41. Ra5 Nd3 42. Ra3 Nc5 43. Ra5 Ne4 44. Kg2 Rb4 45. Ra3 Nd2 46. Rb2 Rd4 47. Ra7+ Kg6 48. Ra1 Rb4 49. Rd1 Nc4 50. Rbb1 b2 51. Rd2 Rb3 52. Rd3 Rxd3 0-1

[Event "Early-Titled-Tuesday-Blitz-February-13-2024"]
[Site "Chess.com"]
[Date "2024.02.13"]
[Round "3"]
[White "RamonManon0g"]
[Black "Pertinhez76"]
[Result "1-0"]
[WhiteElo "2407"]
[BlackElo "2172"]
[TimeControl "180+1"]
[EndTime "8:32:57 PST"]
[Termination "RamonManon0g won by checkmate"]

1. e4 c5 2. Nf3 d6 3. Bb5+ Nd7 4. a4 a6 5. Be2 Ngf6 6. Nc3 g6 7. O-O Bg7 8. d4 cxd4 9. Nxd4 O-O 10. h3 b6 11. Bg5 Bb7 12. Bf3 Ne5 13. Re1 Rc8 14. Qd2 Qc7 15. Bh6 Nc4 16. Qc1 Nxb2 17. Bxg7 Kxg7 18. Qxb2 Qxc3 19. Qxb6 Ba8 20. Ne2 Qxc2 21. Qxa6 Bxe4 22. Nd4 Bd3 23. Nxc2 Bxa6 24. Nb4 Bc4 25. Rxe7 d5 26. a5 Ra8 27. a6 Rfb8 28. Nc6 Rb6 29. Ne5 Raxa6 30. Rxa6 Rxa6 31. Rxf7+ Kg8 32. Rc7 Ra1+ 33.
Kh2 Ra2 34. Kg3 Rc2 35. Kf4 Bb3 36. Rb7 Ba2 37. Kg5 Ne8 38. Kh6 Rc8 39. Rxh7 Bb1 40. Bg4 Rc7 41. Be6+ Kf8 42. Nd7+ Rxd7 43. Bxd7 Nf6 44.
Rh8+ Ke7 45. Bg4 d4 46. Rb8 Be4 47. Rb4 Bxg2 48. Rxd4 Kf7 49. Rf4 Ke7 50. h4 Bd5 51. Kg5 Ne4+ 52. Kxg6 Nd6 53. h5 Ba2 54. h6 Bb1+ 55.
Bf5 Nxf5 56. Rxf5 Bxf5+ 57. Kxf5 Kf7 58. Kg5 Kg8 59. Kg6 Kh8 60. f4 Kg8 61. f5 Kh8 62. f6 Kg8 63. Kf5 Kh7 64. Ke6 Kg8 65.
Ke7 Kh7 66. f7 Kg6 67. f8=Q Kh7 68. Qg7# 1-0

[Event "Early-Titled-Tuesday-Blitz-February-13-2024"]
[Site "Chess.com"]
[Date "2024.02.13"]
[Round "3"]
[White "vaniavindy"]
[Black "UK_23"]
[Result "0-1"]
[WhiteElo "2136"]
[BlackElo "2372"]
[TimeControl "180+1"]
[EndTime "8:32:58 PST"]
[Termination "UK_23 won by resignation"]

1. d4 d5 2. c4 e6 3. Nc3 Nf6 4. Bg5 Be7 5. e3 O-O 6. Nf3 b6 7. cxd5 Nxd5 8. Bxe7 Qxe7 9. e4 Nxc3 10. bxc3 c5 11.
Bd3 cxd4 12. cxd4 Qb4+ 13. Qd2 Qxd2+ 14. Nxd2 Ba6 15. Bxa6 Nxa6 16. O-O Rfd8 17. Nf3 Kf8 18. a4 Rac8 19. a5 b5 20. Rac1 Ke7 21. Ne5 Nb4 22.
f4 f6 23. Nf3 a6 24. e5 f5 25. g3 Nc6 26. Rfd1 Rd5 27. Rc5 Rxc5 28. dxc5 Nxa5 29. Rd6 Rc6 30. Nd4 Rxd6 31. exd6+ Kd7 32. Kf2 Nc6 33.
Nb3 a5 34. Ke3 a4 35. Nd2 b4 36. Kd3 Na5 37. Nf3 Nc6 38. Kc4 h6 39. Ne1 b3 40.
Nd3 g5 41. h3 gxf4 42. gxf4 Kc8 43. Kb5 a3 44. Kxc6 a2 45. d7+ Kd8 46. Ne5 a1=Q 47. Nf7+ Ke7 48. d8=Q+ Kxf7 49. Qd7+ Kg6 50. Qxe6+ Qf6 51.
Qxf6+ Kxf6 52. Kd7 b2 53. c6 b1=Q 54. c7 Qd3+ 55.
Kc6 Qc4+ 56. Kb6 Kg6 57. Kb7 Qb5+ 58. Ka8 Qa6+ 59. Kb8 Qb6+ 60. Ka8 Qxc7 61. h4 Qxf4 62. h5+ Kxh5 0-1

[Event "Early-Titled-Tuesday-Blitz-February-13-2024"]
[Site "Chess.com"]
[Date "2024.02.13"]
[Round "3"]
[White "colegiodemadrid"]
[Black "KaterynaLagno"]
[Result "1-0"]
[WhiteElo "2527"]
[BlackElo "2796"]
[TimeControl "180+1"]
[EndTime "8:32:59 PST"]
[Termination "colegiodemadrid won by resignation"]

1. e4 e5 2. Nf3 Nc6 3. Bc4 Nf6 4. d3 Be7 5. c3 O-O 6. O-O d6 7. Bg5 Na5 8. Bb5 c5 9. Nbd2 h6 10. Bh4 a6 11. Ba4 b5 12. Bc2 Nc6 13. a4 Be6 14. Re1 Rb8 15. axb5 axb5 16. Nf1 Qd7 17. Bxf6 Bxf6 18. Ne3 g6 19. Qd2 Bg7 20. Ra6 Qb7 21. Rea1 Ra8 22. R6a3 Rxa3 23. Rxa3 Ra8 24. Rxa8+ Qxa8 25.
Qc1 Qa2 26. Qb1 Qa5 27. h3 Ne7 28. g4 d5 29. Kg2 d4 30. cxd4 cxd4 31. Nf1 Nc6 32. Qc1 Nb4 33. Qd2 f6 34. Nh4 Kh7 35.
Bb1 Bf8 36. f4 g5 37. fxg5 hxg5 38. Nf5 Kg6 39. h4 gxh4 40. Nxh4+ Kf7 41. g5 Nc6 42. Qe2 Ke8 43. Qh5+ Kd8 44. Qh8 Qb4 45. g6 Qxb2+ 46. Kg1 Ke7 47. g7 Bxg7 48. Qxg7+ Kd6 49. Qxf6 Qxb1 50.
Nf5+ Kd7 51. Qg7+ Kd8 52. Qf6+ Kc7 53. Qxe6 Qxd3 54. Qd6+ Kb7 55. Qd7+ Kb6 56. Nd6 Kc5 57. Nb7+ Kb6 58. Nd8 Qxe4 59. Qb7+ Kc5 60. Ne6+ Kc4 61. Nd2+ 1-0

[Event "Early-Titled-Tuesday-Blitz-February-13-2024"]
[Site "Chess.com"]
[Date "2024.02.13"]
[Round "3"]
[White "Grossboss19"]
[Black "KanalSzachowy"]
[Result "0-1"]
[WhiteElo "2593"]
[BlackElo "2403"]
[TimeControl "180+1"]
[EndTime "8:32:59 PST"]
[Termination "KanalSzachowy won on time"]

1. c4 c5 2. Nc3 Nc6 3. g3 g6 4. Bg2 Bg7 5. Nf3 e5 6. O-O d6 7.
Ne1 Be6 8. d3 Nge7 9. Nc2 d5 10.
cxd5 Nxd5 11. a3 O-O 12. Rb1 a5 13. Ne3 Nde7 14. Nc4 Rb8 15. Nb5 b6 16. Bd2 Qd7 17.
b4 cxb4 18. axb4 Bh3 19. Bxh3 Qxh3 20. bxa5 bxa5 21. Nxa5 Nxa5 22. Bxa5 Nd5 23. Bd2 h5 24.
f3 h4 25. Qe1 Rfc8 26. Qf2 hxg3 27. hxg3 Rc2 28. Rfd1 Rxd2 29. Rxd2 Bh6 30. f4 exf4 31. Qg2 Qxg2+ 32. Kxg2 f3+ 33. Kxf3 Bxd2 34. e4 Nc7 35. Rd1 Nxb5 36. Rxd2 Nd4+ 37. Ke3 Rd8 38. Rb2 Ne6 39. Rb4 Ra8 40. Rb3 Kg7 41. d4 Ra4 42. Rd3 Kf6 43. g4 Kg5 44. d5 Nc5 45. Rd4 Ra3+ 46. Ke2 Kf4 47. d6 Re3+ 48. Kf2 Rxe4 49. Rd5 Nd7 50. Rb5 Rd4 51. g5 Rd2+ 52. Ke1 Rd4 53. Ke2 Re4+ 54. Kd3 Re5 0-1

[Event "Early-Titled-Tuesday-Blitz-February-13-2024"]
[Site "Chess.com"]
[Date "2024.02.13"]
[Round "3"]
[White "agvania123"]
[Black "LangesNasenhaar"]
[Result "1-0"]
[WhiteElo "2375"]
[BlackElo "2462"]
[TimeControl "180+1"]
[EndTime "8:32:59 PST"]
[Termination "agvania123 won by checkmate"]

1. c4 b6 2. Nc3 Bb7 3. e4 e6 4.
d4 Bb4 5. Qc2 Qh4 6. Bd3 Qg4 7.
f3 Qh4+ 8. g3 Qh5 9. a3 Be7 10.
Qe2 Nc6 11. Be3 f5 12. O-O-O fxe4 13. fxe4 Qxe2 14. Ngxe2 Nf6 15. h3 e5 16. d5 Na5 17. b4 Nb3+ 18. Kb2 Nd4 19. Nxd4 exd4 20. Bxd4 d6 21. e5 Nh5 22. g4 Nf4 23. Bc2 O-O 24.
Rdf1 a6 25. e6 b5 26. Bb3 bxc4 27. Bxc4 c6 28. dxc6 Bxc6 29. Rhg1 Nxh3 30. Rxf8+ Rxf8 31. Rg3 Nf4 32. Bxa6 d5 33. Be5 Nxe6 34. b5 Rf2+ 35. Kb3 Nc5+ 36. Kb4 Nxa6+ 37. Ka5 Bxb5 38. Kxb5 Nc5 39.
Nxd5 Bf8 40. Bd4 Rd2 41. Kc4 Rc2+ 42. Rc3 Rxc3+ 43. Nxc3 Nd7 44. Kd5 Bxa3 45. Ne4 Bf8 46. Ke6 Nb8 47. g5 Nc6 48. Bc3 Nd8+ 49. Kd7 Nf7 50.
Ke6 g6 51. Nf6+ Kh8 52. Ng4+ Kg8 53. Nf6+ Kh8 54. Kxf7 Bg7 55. Be5 h6 56. Ng4 h5 57.
Bxg7+ Kh7 58. Nf6# 1-0

[Event "Early-Titled-Tuesday-Blitz-February-13-2024"]
[Site "Chess.com"]
[Date "2024.02.13"]
[Round "3"]
[White "AryanTari"]
[Black "GaiozNigalidze"]
[Result "1-0"]
[WhiteElo "2929"]
[BlackElo "2704"]
[TimeControl "180+1"]
[EndTime "8:33:00 PST"]
[Termination "AryanTari won by resignation"]

1. c4 Nf6 2. Nc3 g6 3. e4 d6 4. d4 Bg7 5. Nf3 O-O 6. Be2 c6 7. O-O a6 8. h3 b5 9. a3 bxc4 10. Bd3 cxd3 11. Qxd3 a5 12. Re1 Ba6 13. Qc2 Nbd7 14.
Be3 e5 15. Qd2 Qe7 16. Bh6 Rfc8 17. Bxg7 Kxg7 18. Rad1 Rd8 19. Qg5 h6 20. Qg3 Nh5 21. Qh2 Rab8 22. Rd2 Nf4 23. Red1 g5 24. Qg3 Nh5 25. Qh2 Nf4 26. Qg3 Nf6 27. Nh4 Bc8 28.
dxe5 Qxe5 29. Nf3 Qe7 30. e5 N6h5 31. Qh2 d5 32. Nd4 Bd7 33. g4 Qxe5 34. gxh5 Nxh3+ 35. Kh1 Qxh2+ 36. Kxh2 Nf4 37. Na4 Nxh5 38. Nc5 Rbc8 39.
Rc1 Be8 40. Nb7 Rd7 41. Nxa5 Rdc7 42. b4 Nf6 43. Rdc2 Ne4 44. f3 Nd6 45. Rc5 Kg6 46. a4 f5 47. b5 g4 48. Naxc6 Bxc6 49. Nxc6 Nc4 50. Rxd5 Ne3 51. Rd6+ Kg5 52. Re6 f4 53. Rc5+ Nf5 54. Ree5 Rf7 55. Nd4 Rxc5 56. Rxc5 g3+ 57.
Kg2 Kg6 58. Rxf5 Rxf5 59. Nxf5 Kxf5 60. b6 Ke6 61. b7 1-0

[Event "Early-Titled-Tuesday-Blitz-February-13-2024"]
[Site "Chess.com"]
[Date "2024.02.13"]
[Round "3"]
[White "OPQRC"]
[Black "Aanna12"]
[Result "1-0"]
[WhiteElo "2536"]
[BlackElo "2265"]
[TimeControl "180+1"]
[EndTime "8:33:00 PST"]
[Termination "OPQRC won on time"]

1. g3 d6 2. Bg2 e5 3. d4 Nd7 4.
c3 g6 5. Nh3 Bg7 6. O-O Ngf6 7.
e4 O-O 8. f4 c6 9. f5 Qc7 10. Kh1 Re8 11. Qb3 d5 12. Ng5 Qb6 13.
exd5 Qxb3 14. axb3 cxd5 15. fxg6 hxg6 16. Be3 e4 17. Nd2 Nf8 18. h3 Ne6 19. c4 Nxg5 20. Bxg5 Nh7 21. Be3 Be6 22. Ra5 b6 23. Ra6 Bc8 24.
Ra2 Bb7 25. Rfa1 a5 26. cxd5 Bxd5 27. Nc4 Rab8 28. Bf4 Bxd4 29. Bxb8 Rxb8 30. Rd1 Bxc4 31. bxc4 Bc5 32. Bxe4 Ng5 33. Bd5 Kg7 34. h4 Nh7 35. Re1 Nf6 36. b3 Rd8 37. Rd1 Re8 38. Kg2 Re3 39. Rb2 Nh5 40. Bf3 Nf6 41. Rdb1 Nd7 42.
Re2 Rc3 43. g4 Bd4 44. Rd1 Ne5 45. Rxd4 Nxf3 46. Rd7 Nxh4+ 47. Kh2 Nf3+ 48. Kg2 Ng5 49. Rb2 Ne6 50. Rd6 Nf4+ 51. Kh2 Rh3+ 52. Kg1 Nd3 53. Rb1 1-0

[Event "Early-Titled-Tuesday-Blitz-February-13-2024"]
[Site "Chess.com"]
[Date "2024.02.13"]
[Round "3"]
[White "Alexchess1984"]
[Black "AttilaTurzo"]
[Result "1/2-1/2"]
[WhiteElo "2659"]
[BlackElo "2488"]
[TimeControl "180+1"]
[EndTime "8:33:01 PST"]
[Termination "Game drawn by repetition"]

1. e4 c5 2. c3 Nf6 3. e5 Nd5 4. Bc4 Nb6 5. Bb3 c4 6. Bc2 d5 7.
exd6 Qxd6 8. Ne2 g6 9. O-O Bg7 10. b3 O-O 11. Na3 Be6 12. h3 Nc6 13. Nb5 Qd7 14. Nf4 Bf5 15. bxc4 Bxc2 16. Qxc2 Nxc4 17. a4 e5 18. Ne2 Rfd8 19. d4 a6 20. Na3 Nxa3 21. Bxa3 exd4 22. cxd4 Nxd4 23. Nxd4 Qxd4 24. Rab1 Rac8 25. Qa2 Rd7 26. Bb2 Qe4 27. Bxg7 Kxg7 28. a5 Rc2 29. Qa1+ Qd4 30. Qa3 h5 31. Qb3 Rc3 32. Qb2 Rd3 33. Qa2 Rd2 34. Qa3 h4 35. Rbe1 Qb2 36. Qc5 R2d5 37. Qc8 Rd8 38. Qg4 Qd4 39. Qf3 R5d7 40. Rd1 Qxd1 41. Rxd1 Rxd1+ 42. Kh2 R8d7 43. Qf4 R1d4 44. Qe5+ Kg8 45. Qe8+ Kg7 46.
Qe5+ Kh7 47. f4 R4d5 48. Qf6 Rxa5 49. Qxh4+ Rh5 50. Qf6 a5 51. g4 Rhd5 52. Qh4+ Kg7 53. Qe1 Rd2+ 54. Kg3 R7d3+ 55. Kh4 Rh2 56. Qe5+ Kg8 57.
Qe8+ Kg7 58. Qe5+ Kg8 59. Qe8+ Kg7 60. Qe5+ 1/2-1/2

[Event "Early-Titled-Tuesday-Blitz-February-13-2024"]
[Site "Chess.com"]
[Date "2024.02.13"]
[Round "3"]
[White "ChessLover0108"]
[Black "Andrey_Klymchuk"]
[Result "1-0"]
[WhiteElo "3004"]
[BlackElo "2752"]
[TimeControl "180+1"]
[EndTime "8:33:03 PST"]
[Termination "ChessLover0108 won by resignation"]

1. d4 Nf6 2. c4 c5 3. d5 b5 4. cxb5 a6 5. bxa6 g6 6. Nc3 Bg7 7. Nf3 O-O 8. e4 Qa5 9. Bd2 d6 10. a7 Qxa7 11. Be2 Ba6 12. O-O Bxe2 13. Qxe2 Qa6 14.
Qe3 Nbd7 15. h3 Rfb8 16. b3 Ne8 17. Rab1 Nc7 18. a4 Rb6 19. a5 Rb7 20. Na2 Rab8 21. b4 Qc4 22. Nc1 Na6 23. Nd3 Nxb4 24. Nxb4 cxb4 25. Rfc1 Qa2 26. Nd4 Bxd4 27. Qxd4 Qxa5 28.
Rxb4 Rxb4 29. Bxb4 Qa4 30. Rc7 Nf6 31. Bc3 Qxd4 32.
Bxd4 Nxe4 33. Rxe7 Rb1+ 34. Kh2 f5 35. f3 Nd2 36.
Kg3 g5 37. Rg7+ Kf8 38. Rxg5 Rd1 39. Rxf5+ Ke8 40. Bf6 Nc4 41. Bg5 Nb6 42. Bf4 Ke7 43.
Rh5 Nxd5 44. Rxh7+ Ke6 45. Bg5 Nc3 46. h4 d5 47. h5 d4 48. h6 Rh1 49. Rh8 Ne2+ 50. Kf2 d3 51. Rd8 Nc3 52. Rxd3 Nd5 53. Bd2 Ne7 54.
Re3+ Kf7 55. Re1 Rh5 56. g4 Rh2+ 57. Kg3 Rxh6 58. Bxh6 Nc6 59. Be3 Nb4 60. Rh1 Nc2 61. Bf2 Kg6 62. Rb1 Nb4 63. Rxb4 1-0

[Event "Early-Titled-Tuesday-Blitz-February-13-2024"]
[Site "Chess.com"]
[Date "2024.02.13"]
[Round "3"]
[White "Orest_Vovk"]
[Black "KNVB"]
[Result "1-0"]
[WhiteElo "2666"]
[BlackElo "2893"]
[TimeControl "180+1"]
[EndTime "8:33:03 PST"]
[Termination "Orest_Vovk won by checkmate"]

1. h4 e5 2. h5 d5 3. h6 Nxh6 4.
d4 Nf5 5. dxe5 Nc6 6. Nf3 Qe7 7.
Nc3 d4 8. Nd5 Qd8 9. e4 dxe3 10.
Nxe3 Qxd1+ 11. Nxd1 Nb4 12. Bd3 Nxd3+ 13. cxd3 b6 14. Ne3 Ne7 15. O-O Bb7 16. Ne1 Nc6 17.
f4 O-O-O 18. a3 a5 19. Bd2 Nd4 20. Bc3 Bc5 21. Bxd4 Bxd4 22. Nc2 Bxb2 23. Ra2 Bc3 24. Rd1 Ba6 25. d4 Be2 26. Rb1 Bxd4 27. Nxd4 Bd3 28. Rd1 Rxd4 29. Rad2 Rhd8 30. Nf5 R4d7 31. Nxg7 Bb5 32.
Rxd7 Rxd7 33. Rxd7 Kxd7 34. Nh5 Ke7 35. Nf6 Bd3 36.
Kf2 b5 37. Ke3 Bb1 38. Kd4 h6 39. Nd5+ Kd7 40. Nc3 Ba2 41. Nxa2 Kc6 42. Nc3 Kb6 43. Nd5+ Kc6 44. Ne3 Kb6 45. f5 c5+ 46. Kd5 b4 47.
axb4 cxb4 48. e6 fxe6+ 49. Kxe6 b3 50. f6 Kb5 51. Nd1 Kc4 52. f7 Kd3 53. f8=Q Kc2 54.
Qf1 a4 55. Qe2+ Kc1 56. Nb2 a3 57. Nc4 b2 58. Nxa3 b1=Q 59. Nxb1 h5 60. Kd5 h4 61.
Kc4 h3 62. Kc3 h2 63. Qc2# 1-0

[Event "Early-Titled-Tuesday-Blitz-February-13-2024"]
[Site "Chess.com"]
[Date "2024.02.13"]
[Round "3"]
[White "klimkoj"]
[Black "maksimys18"]
[Result "1-0"]
[WhiteElo "2932"]
[BlackElo "2534"]
[TimeControl "180+1"]
[EndTime "8:33:03 PST"]
[Termination "klimkoj won on time"]

1. e4 e6 2. d4 d5 3. e5 c5 4.
c3 Qb6 5. Nf3 Bd7 6. a4 Nc6 7.
Be2 Rc8 8. O-O Nh6 9. dxc5 Bxc5 10. b4 Be7 11. Na3 Nf5 12. Bd3 O-O 13. Bxf5 exf5 14. Be3 Qc7 15. Nb5 Qb8 16. Nd6 Bxd6 17. exd6 Be6 18. Bf4 Rcd8 19. h4 b6 20. Nd4 Nxd4 21.
Qxd4 Qb7 22. a5 Rc8 23. Be5 Rc4 24. Qd2 Rxh4 25. Bxg7 Rg4 26. Bxf8 Kxf8 27. f3 Rg6 28. axb6 axb6 29. Qd4 Ke8 30. Qh8+ Kd7 31. Ra8 Kxd6 32. Qd8+ Ke5 33. Raa1 f4 34. Rad1 b5 35. Rd4 Kf5 36. Qh4 Qc7 37. Qxh7 Qxc3 38. Rfd1 Qe3+ 39. Kf1 Kf6 40.
Qh4+ Kg7 41. Qxf4 Qc3 42. Rc1 Qb2 43. Qd2 Qa3 44. Qc3 Qa7 45. Rg4+ Kh7 46. Rh4+ Rh6 47. Rxh6+ Kxh6 48. Qf6+ Kh7 49. Re1 d4 50. Re5 Qa1+ 51. Kf2 Qh1 52. Re4 1-0

[Event "Early-Titled-Tuesday-Blitz-February-13-2024"]
[Site "Chess.com"]
[Date "2024.02.13"]
[Round "3"]
[White "BardArtem"]
[Black "amanjazu"]
[Result "1-0"]
[WhiteElo "2779"]
[BlackElo "2506"]
[TimeControl "180+1"]
[EndTime "8:33:04 PST"]
[Termination "BardArtem won on time"]

1. e4 Nf6 2. e5 Nd5 3. Bc4 Nb6 4.
Bb3 d6 5. d4 g6 6. Nf3 Bg7 7.
Qe2 O-O 8. h3 Nc6 9. O-O a5 10.
a3 a4 11. Ba2 dxe5 12. dxe5 Nd4 13. Nxd4 Qxd4 14. Re1 Ra5 15. e6 fxe6 16. Nc3 Re5 17.
Be3 Qd6 18. Rad1 Qc6 19. Qg4 Nd5 20. Bxd5 exd5 21. Qxa4 Qxa4 22. Nxa4 Re8 23. Nc5 b6 24. Nd3 Rf5 25. f4 d4 26. Bf2 Ba6 27. Re4 c5 28. g4 Rf7 29. Rde1 Ref8 30. Rxe7 Bxd3 31. Rxf7 Rxf7 32. cxd3 Rxf4 33. Kg2 Kf7 34. Bh4 h6 35. Re7+ Kg8 36. Rb7 g5 37. Bg3 Rf6 38. Be5 Rc6 39.
Rxg7+ Kf8 40. Ra7 Re6 41. Bg7+ Ke8 42. Kf2 Re3 43. Bxh6 Rxh3 44. Bxg5 Rxd3 45. Bf4 Rb3 46. g5 Rxb2+ 47. Kf3 d3 48. g6 d2 49. Bxd2 Rxd2 50. Ra8+ Ke7 51. g7 Rd3+ 52. Ke2 Rg3 53. g8=Q Rxg8 54. Rxg8 Kd6 55. Kd3 Kc6 56. Kc4 b5+ 57. Kc3 Kb6 58. Rg5 Ka5 59. Rxc5 1-0

[Event "Early-Titled-Tuesday-Blitz-February-13-2024"]
[Site "Chess.com"]
[Date "2024.02.13"]
[Round "3"]
[White "guillembaches"]
[Black "ClaudiaSof"]
[Result "0-1"]
[WhiteElo "2565"]
[BlackElo "2320"]
[TimeControl "180+1"]
[EndTime "8:33:04 PST"]
[Termination "ClaudiaSof won on time"]

1. d4 d5 2. Nf3 Nf6 3. c4 e6 4. cxd5 exd5 5. Qc2 c6 6. Bg5 Be7 7. e3 O-O 8. Bd3 h6 9. Bh4 Re8 10. h3 Ne4 11. Bxe7 Qxe7 12. O-O Nd7 13. Nbd2 Ndf6 14. Ne5 Bd7 15. Nxe4 Nxe4 16. Bxe4 dxe4 17. b4 Bf5 18. f3 f6 19. fxe4 Bxe4 20. Qxe4 fxe5 21. d5 Rf8 22. dxc6 bxc6 23. Rxf8+ Rxf8 24. Rc1 Qf7 25. a3 Qf2+ 26. Kh2 Qb2 27. Rxc6 Qxa3 28. Rc7 Qa2 29. Qc4+ Qxc4 30.
Rxc4 Rb8 31. Kg3 Kf7 32. Kf3 Ke6 33. Ke4 Rb5 34. g4 g6 35. h4 Rb6 36. g5 hxg5 37. hxg5 a6 38. Kf3 Kf5 39. Rc5 Rxb4 40. Ra5 Kxg5 41. Rxe5+ Kf6 42. Ra5 Rb6 43. Kf4 g5+ 44.
Kf3 Kg6 45. e4 Kh5 46. e5 Kh4 47.
Ke4 g4 48. Kf5 g3 49. e6 Kh3 50. e7 Rb8 51. Ke6 g2 52. Ra1 Kh2 53. Kf7 g1=Q 54. Rxg1 Kxg1 55. e8=Q Rxe8 56. Kxe8 a5 57. Kd7 a4 0-1

[Event "Early-Titled-Tuesday-Blitz-February-13-2024"]
[Site "Chess.com"]
[Date "2024.02.13"]
[Round "3"]
[White "Anton_Demchenko"]
[Black "MyDream003"]
[Result "1-0"]
[WhiteElo "2937"]
[BlackElo "2712"]
[TimeControl "180+1"]
[EndTime "8:33:05 PST"]
[Termination "Anton_Demchenko won on time"]

1. e4 e5 2. Nf3 Nc6 3. Bc4 Bc5 4. d3 Nf6 5. Bg5 h6 6. Bh4 Be7 7. Bg3 d6 8. a4 a5 9. c3 O-O 10. Nbd2 Be6 11. Bxe6 fxe6 12. O-O Qd7 13. Qb3 b6 14.
Qb5 Nh5 15. d4 Nxg3 16. hxg3 Bf6 17. Rac1 Rad8 18. Nb3 exd4 19. Nbxd4 Bxd4 20. Nxd4 Nxd4 21. cxd4 Rf7 22. Rc3 Rdf8 23. Qxd7 Rxd7 24. Rd1 Rff7 25. f3 Kf8 26. Kf2 Ke8 27. Ke3 Kd8 28. g4 Rf6 29. Rh1 Rdf7 30. Rh5 Rg6 31. Rc4 Kd7 32. b4 axb4 33.
Rxb4 Rf8 34. a5 bxa5 35. Rxa5 Rc8 36. Rb7 Rf6 37. f4 Rf7 38. g3 Re7 39. g5 hxg5 40. Rxg5 Rf7 41. Ra5 Kc6 42. Rb2 Rff8 43. Rg5 Rf7 44. Ra5 Kd7 45. Rc2 Rb8 46. Rc3 Rb7 47.
g4 Rb8 48. f5 Rh8 49. Rxc7+ Kxc7 50. Ra7+ Kc6 51. Rxf7 e5 52. dxe5 dxe5 53. Rxg7 Rh3+ 54. Kf2 Kd6 55. g5 Kc5 56. Rd7 1-0

[Event "Early-Titled-Tuesday-Blitz-February-13-2024"]
[Site "Chess.com"]
[Date "2024.02.13"]
[Round "3"]
[White "starworld123"]
[Black "Zavgorodniy_Sergiy"]
[Result "1/2-1/2"]
[WhiteElo "2829"]
[BlackElo "2609"]
[TimeControl "180+1"]
[EndTime "8:33:06 PST"]
[Termination "Game drawn - insufficient material"]

1. b3 b6 2. Bb2 Bb7 3. Nf3 e6 4. g3 Nf6 5. Bg2 Be7 6. O-O O-O 7. c4 c5 8. e3 d5 9. Qe2 Nbd7 10. Rd1 Rc8 11. Nc3 Qc7 12. Rac1 Rfd8 13. cxd5 Nxd5 14.
Nxd5 Bxd5 15. d4 Qb7 16. Ne1 Bxg2 17. Nxg2 cxd4 18. Bxd4 Bf6 19. Bxf6 Nxf6 20. Nf4 h6 21.
h4 Rxc1 22. Rxc1 Rc8 23. Rd1 Qc7 24. Nd3 Qc2 25. Qxc2 Rxc2 26. Ne5 Rxa2 27. Rd8+ Kh7 28. Nxf7 Ne4 29. h5 g6 30. Rd7 Nxf2 31. Ne5+ Kg8 32. hxg6 Nh3+ 33. Kf1 Rf2+ 34. Ke1 Rf6 35. Rxa7 h5 36. Rf7 Rxg6 37. Nxg6 Kxf7 38. Ne5+ Kf6 39. Nd7+ Kf5 40. Nxb6 Ke4 41. Nc4 Ng5 42. b4 Kd3 43. Nd6 Kxe3 44. b5 Nf3+ 45. Kf1 Nd4 46. Kg2 e5 47. b6 Nc6 48. b7 e4 49. Kh3 Kf3 50.
Nf5 Nb8 51. Kh4 Kf2 52. Kxh5 e3 53. Nxe3 Kxg3 54. Kg5 Kf3 55. Nc4 Ke4 56. Kf6 Kd5 57. Na5 Kc5 58. Ke7 Kb6 59. Kd6 Kxa5 60. Kc7 Na6+ 61.
Kc6 Nb8+ 62. Kc7 Na6+ 63. Kc8 Kb6 64. b8=Q+ Nxb8 1/2-1/2

[Event "Early-Titled-Tuesday-Blitz-February-13-2024"]
[Site "Chess.com"]
[Date "2024.02.13"]
[Round "3"]
[White "marik_spb"]
[Black "arturdailima"]
[Result "1/2-1/2"]
[WhiteElo "2489"]
[BlackElo "2396"]
[TimeControl "180+1"]
[EndTime "8:33:06 PST"]
[Termination "Game drawn - insufficient material"]

1. e4 e5 2. Nf3 Nc6 3. Bc4 Nf6 4. d4 exd4 5. O-O Nxe4 6. Re1 d5 7. Bxd5 Qxd5 8.
Nc3 Qd7 9. Nxe4 Be7 10. Bg5 O-O 11. Bxe7 Qxe7 12. Nxd4 Bd7 13. c3 Rad8 14. Qh5 h6 15. Nc5 Qf6 16. Nxb7 Nxd4 17. Nxd8 Nc2 18. Nb7 Nxa1 19. Rxa1 Qb6 20. Nc5 Qxb2 21. Qd1 Bc6 22. Qc1 Qe2 23. Qd1 Qc4 24. Qd4 Qxd4 25. cxd4 Rb8 26. Rc1 Bd5 27. h4 Rb2 28. Nd3 Rd2 29. Nf4 Rxd4 30. Nxd5 Rxd5 31. Rxc7 Ra5 32. Rc2 Ra4 33.
g3 g5 34. hxg5 hxg5 35. Kf1 Kg7 36. Ke2 Ra3 37. Kd2 Kg6 38. Kc1 f5 39. Kb2 Ra5 40.
Rc4 Kh5 41. a4 Re5 42. Rc2 Re4 43. Kb3 a5 44. Rc3 Rb4+ 45. Ka3 Kg4 46. Rc5 f4 47. gxf4 gxf4 48. Rxa5 Rb1 49. Rc5 Kf3 50. Rc2 Ra1+ 51. Kb4 Kg2 52. a5 f3 53. Kb5 Rb1+ 54. Kc6 Ra1 55. Kb6 Rb1+ 56. Ka7 Rf1 57. a6 Rxf2 58.
Rxf2+ Kxf2 59. Kb7 Ke2 60. a7 f2 61. a8=Q f1=Q 62. Qa6+ Ke1 63. Qxf1+ Kxf1 1/2-1/2